 Dungeon Crawl Stone Soup version 0.22-a0-299-g43f9854 (webtiles) character file.

56 nikopol the Firebug (level 3, -1/19 HPs)
             Began as a Deep Elf Fire Elementalist on Mar 25, 2018.
             Slain by a hound (4 damage)
             ... on level 4 of the Dungeon.
             The game lasted 00:02:16 (839 turns).

nikopol the Firebug (Deep Elf Fire Elementalist)     Turns: 839, Time: 00:02:17

Health: -1/19      AC:  2    Str:  5    XL:     3   Next: 69%
Magic:  1/10       EV: 13    Int: 20    God:
Gold:   42         SH:  0    Dex: 15    Spells: 4/10 levels left

rFire    . . .     SeeInvis .   (no weapon)
rCold    . . .     Gourm    .   (no shield)
rNeg     . . .     Faith    .   a - +0 robe
rPois    .         Spirit   .   (no helmet)
rElec    .         Reflect  .   (no cloak)
rCorr    .         Harm     .   (no gloves)
MR       .....                  (no boots)
Stlth    ++........             (no amulet)
HPRegen  0.06/turn              (no ring)
MPRegen  0.12/turn              (no ring)

@: no status effects
A: no striking features
a: no special abilities


You were on level 4 of the Dungeon.
You were not hungry.

You visited 1 branch of the dungeon, and saw 3 of its levels.

You collected 42 gold pieces.

Inventory:

Armour
 a - a +0 robe (worn)
Scrolls
 b - a scroll of identify {unknown}
 d - a scroll of teleportation {unknown}
 f - a scroll of remove curse {unknown}
Potions
 e - a potion of degeneration {unknown}
Comestibles
 c - a ration


   Skills:
 + Level 2.7 Dodging
 + Level 3.0 Stealth
 + Level 4.0 Spellcasting
 + Level 1.3 Conjurations
 + Level 4.1 Fire Magic


You had 4 spell levels left.
You knew the following spells:

 Your Spells              Type           Power        Failure   Level  Hunger
a - Flame Tongue          Conj/Fire      ###..        4%          1    None
b - Throw Flame           Conj/Fire      ###...       6%          2    #......
c - Conjure Flame         Conj/Fire      ###.....     12%         3    ###....


Dungeon Overview and Level Annotations

Branches:
Dungeon (2/15)

Altars:


Message History

Found a papyrus book.
Casting: Flame Tongue (safe; 4% risk of failure)
Confirm with . or Enter, or press ? or * to list all spells.
Aiming: Flame Tongue (safe; 4% risk of failure)
Press: ? - help, Shift-Dir - straight line, f/p - hound
Aim: a hound (almost dead)
The flame tongue hits the hound.
The hound is almost dead.
The hound bites you.
* * * LOW HITPOINT WARNING * * *
The hound bites you.
* * * LOW HITPOINT WARNING * * *
Found a scale mail.
The hound closely misses you.
You see here a book of Maledictions.
You pick up a book of Maledictions and begin reading...
You add the spells Corona, Ensorcelled Hibernation, Confuse, Tukima's Dance and Dazzling Spray to your library.
The hound bites you but does no damage. The hound bites you.
You die...

######.#.###
...........#
#...........#
#...........#
#.........[.#
#...........#
#...........#
#.......@...#
#.......h...#
#...........#
#..!........#
...# #
####)..######
...# #.
#.#.#####
...# .###
#.#.....#
...###...# #
#####.#
.......#.#
#.#


You could see a hound.

Vanquished Creatures
  A hound skeleton (D:4)
  An adder (D:2)
  A dart slug (D:1)
  2 bats (D:1)
  A giant cockroach (D:2)
  3 goblins (D:1)
  2 hobgoblins (D:1)
  6 jackals (D:1)
  7 kobolds (D:1)
  3 frilled lizards (D:1)
  3 rats
30 creatures vanquished.

Notes
Turn   | Place    | Note
-------+----------+-------------------------------------------
     0 | D:1      | nikopol the Deep Elf Fire Elementalist began the quest for the Orb.
     0 | D:1      | Reached XP level 1. HP: 10/10 MP: 6/6
   200 | D:1      | Reached XP level 2. HP: 15/15 MP: 6/8
   539 | D:1      | Reached XP level 3. HP: 19/19 MP: 8/10
   543 | D:1      | Learned a level 2 spell: Throw Flame
   547 | D:1      | Learned a level 3 spell: Conjure Flame
   800 | D:2      | You fall through a shaft for 2 floors!
   839 | D:4      | Slain by a hound

Vault maps used:
D:1:      dpeg_arrival_shrine
D:2:      first_ration

Skill      XL: |  1  2  3 |
---------------+----------+-----
Fire Magic     | 4 |  4.1
Stealth        | 3 |  3.0
Spellcasting   | 4 |  4.0
Dodging        | |  2.7
Conjurations   | |  1.3

Action                   || total
-------------------------++-------
 Cast: Flame Tongue      ||    46
       Conjure Flame     ||     1
Armor: Robe              ||     2
Dodge: Dodged            ||    19

Table legend:
 A = Spawn XP
 B = Non-spawn XP
 C = Spawn XP percentage of total XP
 D = Spawn monster count
 E = Non-spawn monster count
 F = Spawn count percentage of total count
 G = Total turns spent on level
                    A         B        C        D         E        F      G
               +---------+---------+-------+---------+---------+-------+---------
         Total |       0 |      80 |   0.0 |       0 |      30 |   0.0 |   839
               +---------+---------+-------+---------+---------+-------+---------
           D:1 |       0 |      45 |   0.0 |       0 |      26 |   0.0 |   782
           D:2 |       0 |      16 |   0.0 |       0 |       3 |   0.0 |    18
           D:4 |       0 |      19 |   0.0 |       0 |       1 |   0.0 |    39
               +---------+---------+-------+---------+---------+-------+---------
